 Dungeon Crawl Stone Soup version 0.21-a0-480-g5da0f0d (webtiles) character file.

16 slep the Ducker (level 2, -2/22 HPs)
             Began as a Demonspawn Gladiator on Nov 23, 2017.
             Slain by a gnoll
             ... wielding a cursed -1 halberd
              (9 damage)
             ... on level 2 of the Dungeon.
             The game lasted 00:01:23 (939 turns).

slep the Ducker (Demonspawn Gladiator)               Turns: 939, Time: 00:01:23

Health: -2/22      AC:  4    Str: 14    XL:     2   Next: 41%
Magic:  0/2        EV: 13    Int:  9    God:
Gold:   35         SH:  0    Dex: 14    Spells: 1/1 levels left

rFire    . . .     SeeInvis .   a - +0 long sword
rCold    . . .     Gourm    .   (no shield)
rNeg     . . .     Faith    .   b - +0 leather armour
rPois    .         Spirit   +   c - +0 helmet
rElec    .         Reflect  .   (no cloak)
rCorr    .         Harm     .   (no gloves)
MR       .....                  (no boots)
Stlth    +.........             j - amulet of guardian spirit
HPRegen  0.07/turn              (no ring)
MPRegen  0.08/turn              (no ring)

@: no status effects
A: powered by pain 1
a: no special abilities


You were on level 2 of the Dungeon.
You were not hungry.

You visited 1 branch of the dungeon, and saw 2 of its levels.

You collected 35 gold pieces.

Inventory:

Hand Weapons
 a - a +0 long sword (weapon)
Missiles
 d - 3 throwing nets (quivered)
Armour
 b - a +0 leather armour (worn)
 c - a +0 helmet (worn)
 l - a +0 scale mail
Jewellery
 j - an amulet of guardian spirit (around neck)
Scrolls
 e - a scroll of identify {unknown}
 g - a scroll of immolation {unknown}
 h - a scroll of enchant armour {unknown}
 i - a scroll of magic mapping {unknown}
Comestibles
 f - a bread ration
 k - 2 meat rations


   Skills:
 + Level 2.0 Fighting
 + Level 3.0 Long Blades
 + Level 1.8 Throwing
 + Level 0.3 Armour
 + Level 3.0 Dodging


You had one spell level left.
You didn't know any spells.

Dungeon Overview and Level Annotations

Branches:
Dungeon (2/15)

Altars:


Innate Abilities, Weirdness & Mutations

You sometimes gain a little power by taking damage.


Message History

You kill the kobold!
The gnoll barely misses you. The gnoll hits you with a club.
You hit the gnoll but do no damage. The gnoll closely misses you.
The gnoll hits you with a club.
You slash the gnoll!
The gnoll is heavily wounded.
The gnoll completely misses you. The gnoll misses you.
The gnoll hits you but does no damage.
You hit the gnoll.
The gnoll is severely wounded.
The gnoll closely misses you.
The gnoll barely misses you. x2; You riposte.
You hit the gnoll but do no damage.
The gnoll is severely wounded.
The gnoll hits you from afar with a halberd!
* * * LOW HITPOINT WARNING * * *
You focus on the pain.
You feel your power returning.
You hit the gnoll but do no damage.
The gnoll is severely wounded.
The gnoll hits you from afar with a halberd!
You die...

#.... .. ###.... ...
#...... ....
#.....###....
#............
...#..........##
......g.g.......
...#####g.......
.......@...###......
...........###.....
.......(........>..
#..........###...#
.................## ...
..................# ....
..................##....
.....#.............#....
.#<#.#.......###(..#....


You could see 2 gnolls.

Vanquished Creatures
  An adder (D:2)
  2 jackals (D:1)
  3 kobolds
  2 rats (D:1)
8 creatures vanquished.

Notes
Turn   | Place    | Note
-------+----------+-------------------------------------------
     0 | D:1      | slep the Demonspawn Gladiator began the quest for the Orb.
     0 | D:1      | Reached XP level 1. HP: 16/16 MP: 1/1
   896 | D:2      | Gained mutation: You sometimes gain a little power by taking damage. [demonic ancestry]
   896 | D:2      | Reached XP level 2. HP: 22/22 MP: 2/2
   939 | D:2      | Slain by a gnoll

Vault maps used:
D:1:      minmay_arrival_stone_box, minmay_crystal_water

Skill      XL: |  1 |
---------------+----+-----
Long Blades    | 3 |  3.0
Dodging        | 3 |  3.0
Fighting       | |  2.0
Throwing       | |  1.8
Armour         | |  0.3

Action                   || total
-------------------------++-------
Melee: Long sword        ||    22
 Stab: Sleeping          ||     1
Armor: Leather armour    ||     6
Dodge: Dodged            ||    26
       Rpst.: Long sword ||     7

Table legend:
 A = Spawn XP
 B = Non-spawn XP
 C = Spawn XP percentage of total XP
 D = Spawn monster count
 E = Non-spawn monster count
 F = Spawn count percentage of total count
 G = Total turns spent on level
                    A         B        C        D         E        F      G
               +---------+---------+-------+---------+---------+-------+---------
         Total |       0 |      24 |   0.0 |       0 |       8 |   0.0 |   939
               +---------+---------+-------+---------+---------+-------+---------
           D:1 |       0 |      10 |   0.0 |       0 |       6 |   0.0 |   892
           D:2 |       0 |      14 |   0.0 |       0 |       2 |   0.0 |    47
               +---------+---------+-------+---------+---------+-------+---------
